 Dungeon Crawl Stone Soup version 0.21-a0-51-gea492e9 (webtiles) character file.

46 Deathtrap2010 the Covered (level 3, -2/26 HPs)
             Began as a Demonspawn Wanderer on June 13, 2017.
             Slain by a gnoll
             ... wielding a +0 halberd
              (14 damage)
             ... on level 2 of the Dungeon.
             The game lasted 00:05:57 (1196 turns).

Deathtrap2010 the Covered (Demonspawn Wanderer)     Turns: 1196, Time: 00:05:57

Health: -2/26      AC:  3    Str: 15    XL:     3   Next: 44%
Magic:  3/3        EV: 12    Int: 11    God:
Gold:   66         SH:  0    Dex: 12    Spells: 2/2 levels left

rFire    . . .     SeeInvis .   e - +0 mace
rCold    . . .     Gourm    .   (no shield)
rNeg     . . .     Faith    .   h - +0 leather armour
rPois    .         Spirit   .   (no helmet)
rElec    .         Reflect  .   (no cloak)
rCorr    .         Harm     .   (no gloves)
MR       +....                  (no boots)
Stlth    ++........             (no amulet)
Regen    0.1/turn               b - ring of protection from magic
MPRegen  0.1/turn               (no ring)

@: no status effects
A: nightstalker 1, spiny 1
a: no special abilities


You were on level 2 of the Dungeon.
You were not hungry.

You visited 1 branch of the dungeon, and saw 2 of its levels.

You collected 66 gold pieces.

Inventory:

Hand Weapons
 e - a +0 mace (weapon)
Armour
 h - a +0 leather armour (worn)
Jewellery
 b - a ring of protection from magic (left hand)
Scrolls
 g - 2 scrolls of identify
Miscellaneous
 a - a fan of gales (inert)
Comestibles
 f - a bread ration


   Skills:
 * Level 1.4 Fighting
 * Level 0.1 Maces & Flails
   Level 0.1 Polearms
 - Level 1.0 Throwing
 * Level 3.2 Armour
 * Level 3.1 Dodging
 * Level 1.4 Stealth
 * Level 1.2 Evocations


You had 2 spell levels left.
You didn't know any spells.

Dungeon Overview and Level Annotations

Branches:
Dungeon (2/15)

Altars:


Innate Abilities, Weirdness & Mutations

You are slightly more attuned to the shadows.
You are partially covered in sharp spines.


Message History

You closely miss the kobold. The kobold is struck by your spines.
You kill the kobold!
Things that are here:
a club; 2 stones You open the door.
There is an open door here.
As you open the door, it creaks loudly!
You hear a shout! x3 3 gnolls come into view.
There is an open door here.
The gnoll hits you from afar with a halberd!
The gnoll closely misses you. The gnoll hits you with a spear.
A hobgoblin comes into view. It is wielding a club.
You barely miss the gnoll. The gnoll closely misses you.
The gnoll is struck by your spines. The gnoll barely misses you.
The hobgoblin shouts!
You thump the gnoll!
The gnoll is severely wounded.
The gnoll hits you but does no damage. The gnoll hits you with a halberd!
Ouch! That really hurt!
You die...

#.# #..#######
#.......)†#.....
#.# #........#
#########.#.####
#.#####.#####.#
#.......
#.......# #.#
###.....
######### #.#
###### #.######
### #.#....##
#.. #.'.....#
#.. ###@....#
#.. ......gg...#
#.. ######.....#
#.. +.....# #..
#.gg.... +..
#......# #..
#.#.#..# #.. ###


You could see 3 gnolls and a hobgoblin.

Vanquished Creatures
  2 adders (D:2)
  An ooze (D:1)
  4 bats
  A goblin (D:1)
  6 hobgoblins
  5 kobolds
  A quokka (D:1)
  3 rats
23 creatures vanquished.

Notes
Turn   | Place    | Note
-------+----------+-------------------------------------------
     0 | D:1      | Deathtrap2010 the Demonspawn Wanderer began the quest for the Orb.
     0 | D:1      | Deathtrap2010 set off with: a fan of gales, a +0 spear, a potion of lignification, a +0 robe, a bread ration
     0 | D:1      | Reached XP level 1. HP: 15/15 MP: 1/1
    71 | D:1      | Gained mutation: You are slightly more attuned to the shadows. [demonic ancestry]
    71 | D:1      | Reached XP level 2. HP: 21/21 MP: 2/2
   937 | D:2      | Gained mutation: You are partially covered in sharp spines. [demonic ancestry]
   937 | D:2      | Reached XP level 3. HP: 14/26 MP: 3/3
  1196 | D:2      | Slain by a gnoll

Vault maps used:
D:1:      dpeg_arrival_long_road
D:2:      nicolae_overflow_hidden_temple, chequers_ecumenical_altar_lobes

Skill      XL: |  1  2 |
---------------+-------+-----
Armour         | 3 |  3.2
Dodging        | 3 |  3.1
Fighting       | |  1.4
Maces & Flails | |  0.1
Polearms       | |  0.1
Throwing       | |  1.0
Stealth        | |  1.4
Evocations     | |  1.2

Action                   || total
-------------------------++-------
Melee: Spear             ||    30
       Mace              ||    41
Evoke: Fan of gales      ||     1
  Use: Potion            ||     6
       Scroll            ||     1
 Stab: Invisible         ||     1
       Sleeping          ||     2
  Eat: Meat ration       ||     1
Armor: Skin              ||     6
       Robe              ||     3
       Leather armour    ||    14
Dodge: Dodged            ||    51
